 Dungeon Crawl Stone Soup version 0.26-a0-958-gf3041fb45f (webtiles) character file.

Game seed: 7568334487009500591

280 robertstho the Covered (level 6, 0/39 HPs)
             Began as a Gargoyle Fighter on Nov 30, 2020.
             Slain by an ogre
             ... wielding a +0 giant spiked club
              (11 damage)
             ... on level 4 of the Dungeon.
             The game lasted 00:02:52 (3197 turns).

robertstho the Covered (Gargoyle Fighter)           Turns: 3197, Time: 00:02:52

Health: 0/39       AC: 20    Str: 22    XL:     6   Next: 27%
Magic:  6/6        EV:  6    Int:  8    God:
Gold:   98         SH:  9    Dex:  9    Spells: 5/5 levels left

rFire    . . .     SeeInvis .   a - +0 war axe
rCold    . . .     Faith    .   c - +0 kite shield
rNeg     + + .     Spirit   .   z - +2 chain mail {rN+}
rPois    ∞         Reflect  .   n - +1 helmet
rElec    +         Harm     .   p - +0 cloak
rCorr    .         Rampage  .   (no gloves)
MR       .....                  j - +0 pair of boots
Stlth    ..........             (no amulet)
HPRegen  0.13/turn              y - ring of attention (curse)
MPRegen  0.10/turn              (no ring)

@: mighty
A: negative energy resistance 1, electricity resistance, unbreathing,
petrification resistance, rot immunity, AC +4
a: no special abilities


You were on level 4 of the Dungeon.
You visited 1 branch of the dungeon, and saw 4 of its levels.

You collected 258 gold pieces.
You spent 160 gold pieces at shops.

Inventory:

Hand Weapons
 a - a +0 war axe (weapon)
Missiles
 u - 4 curare-tipped darts (quivered)
Armour
 c - a +0 kite shield (worn)
 j - a +0 pair of boots (worn)
 n - a +1 helmet (worn)
 p - a +0 cloak (worn)
 z - a +2 chain mail of positive energy (worn)
Jewellery
 y - a cursed ring of attention (left hand)
Wands
 b - a wand of enslavement (6)
 s - a wand of iceblast (12)
Scrolls
 e - 2 scrolls of noise {unknown}
 f - a scroll of random uselessness {unknown}
 g - a scroll of teleportation {unknown}
 h - 4 scrolls of remove curse {unknown}
 i - a scroll of enchant armour {unknown}
 l - 3 scrolls of identify {unknown}
 q - a scroll of fog {unknown}
 v - a scroll of enchant weapon {unknown}
 A - a scroll of immolation {unknown}
Potions
 d - a potion of might
 k - a potion of degeneration {unknown}
 m - a potion of brilliance {unknown}
 o - a potion of curing {unknown}
 r - a potion of haste {unknown}
 t - a potion of heal wounds {unknown}
 w - a potion of invisibility {unknown}
 x - 2 potions of lignification {unknown}


   Skills:
 * Level 4.3 Fighting
 + Level 3.6 Axes
 * Level 4.9 Armour
 + Level 0.9 Dodging
 + Level 0.1 Stealth
 + Level 3.9 Shields


You had 5 spell levels left.
You didn't know any spells.
Your spell library was empty.

Dungeon Overview and Level Annotations

Branches:
Dungeon (4/15)
 Temple: D:4-7

Altars:
Fedhas
Gozag
Kikubaaqudgha

Shops:
D:4 *:


Innate Abilities, Weirdness & Mutations

You are resistant to torment.
Your stone body is resilient. (AC +4)
You are immune to poison.
You resist negative energy. (rN+)
You are resistant to electric shocks. (rElec)
You can survive without breathing.
You are immune to petrification.
You are immune to rotting.


Message History

You are too injured to fight recklessly!
You are too injured to fight recklessly!
You are too injured to fight recklessly!
You are too injured to fight recklessly!
You are too injured to fight recklessly!
You are too injured to fight recklessly!
You are too injured to fight recklessly!
You are too injured to fight recklessly!
You are too injured to fight recklessly!
You are too injured to fight recklessly!
You are too injured to fight recklessly!
You are too injured to fight recklessly!
You are too injured to fight recklessly!
You are too injured to fight recklessly!
You are too injured to fight recklessly!
You are too injured to fight recklessly!
You are too injured to fight recklessly!
You feel very mighty all of a sudden.
The ogre hits you with a +0 giant spiked club!
You die...

.#.......#.#.###.(#..#.##...###..
.##.######...#..##.#.)#.##..#..##
....# ##.###..##.#..#.#####..#
.#### #..#..#####.#..#.##..###
.## #.###..#..##.#..#.##..# ..#
#.#..###.. ##.#..#..### ..#
####..#l. ##.#.....# ..# #..###O#
##.#..### ..##########..#.@#
##.#..# .........#..###.## ##..##
########.#...'..# ##.+ #.##.#####
### #....# ######


You could see an ogre and a leopard gecko.

Vanquished Creatures
  An ogre (D:4)
  Crazy Yiuf (D:2)
  4 gnolls (D:4)
  5 adders
  An ooze (D:3)
  An adder skeleton (D:4)
  2 worms
  2 dart slugs (D:1)
  5 leopard geckos
  An orc (D:3)
  6 bats
  3 giant cockroaches
  3 goblins
  10 hobgoblins
  A ball python skeleton (D:4)
  5 frilled lizards
  9 kobolds
  A leopard gecko skeleton (D:4)
  7 rats
68 creatures vanquished.

Notes
Turn   | Place    | Note
-------+----------+-------------------------------------------
     0 | D:1      | robertstho the Gargoyle Fighter began the quest for the
                  | Orb.
     0 | D:1      | Reached XP level 1. HP: 14/14 MP: 1/1
   223 | D:1      | Reached XP level 2. HP: 17/19 MP: 2/2
   525 | D:1      | Reached XP level 3. HP: 23/23 MP: 3/3
  1161 | D:2      | Reached XP level 4. HP: 25/29 MP: 4/4
  1393 | D:2      | Found a runed translucent door.
  1394 | D:2      | Noticed Crazy Yiuf
  1544 | D:2      | Killed Crazy Yiuf
  1864 | D:3      | Reached XP level 5. HP: 33/33 MP: 5/5
  1958 | D:3      | Found an opulent altar of Gozag.
  2400 | D:4      | Found an ancient bone altar of Kikubaaqudgha.
  2466 | D:4      | Noticed an ogre
  2478 | D:4      | Killed an ogre
  2479 | D:4      | Reached XP level 6. HP: 14/38 MP: 6/6
  2802 | D:4      | Found Puomeumi's Book Emporium.
  2858 | D:4      | Found a blossoming altar of Fedhas.
  2906 | D:4      | Found Ricior's Elemental Accessories.
  2914 | D:4      | Bought a wand of iceblast (12) for 160 gold pieces
  3197 | D:4      | Slain by an ogre

Illustrated notes

Levels and vault maps discovered:
D:1:      sevenhm_arrival_forest_fort_small_5, layout_basic, nrook_uturn,
          st_stairs_13
D:2:      layout_basic, uniq_crazy_yiuf_cottage
D:3:      layout_basic, st_stairs_3, lemuel_tele_altar
D:4:      minmay_razor_zed, layout_basic, fedhas_altar_2, lemuel_round_altar,
          serial_shops, nicolae_shop_behind_doors, nicolae_elemental_shop

Skill      XL: |  1  2  3  4  5 |
---------------+----------------+-----
Armour         | 4 |  4.9
Axes           | 2 3 |  3.6
Fighting       | 4 |  4.3
Dodging        | |  0.9
Stealth        | |  0.1
Shields        | |  3.9

Action                   |  1- 3 |  4- 6 || total
-------------------------+-------+-------++-------
Melee: War axe           |   123 |   148 ||   271
  Use: Potion            |       |     1 ||     1
Armor: Scale mail        |    74 |    19 ||    93
       Chain mail        |       |    76 ||    76
Dodge: Dodged            |    45 |    44 ||    89
Block: Kite shield       |    66 |    89 ||   155

Table legend: (Time is in decaauts)
 A = Elapsed time spent in this place.
 B = Non-inter-level travel time spent in this place.
 C = Inter-level travel time spent in this place.
 D = Time resting spent in this place.
 E = Time spent auto-exploring this place.
 F = Levels seen in this place.
 G = Mean time per level.
                   A        B        C        D        E       F      G
               +--------+--------+--------+--------+--------+-----+--------+
         Total |   3325 |   3193 |    132 |    182 |   2354 |   4 |  831.2 |
       Dungeon |   3325 |   3193 |    132 |    182 |   2354 |   4 |  831.2 |
               +--------+--------+--------+--------+--------+-----+--------+

Top non-repeatable levels by time:
     D:3: 968 daAuts
     D:1: 928 daAuts
     D:2: 769 daAuts
     D:4: 659 daAuts
